Map: Traitor's Exile

Players

Cthulhu - Winner!

  • Race: Protoss Protoss
  • Spawn Location: 5:00

Throwfordays - Winner!

  • Race: Protoss Protoss
  • League: Silver
  • Spawn Location: 6:00

Ghostface

  • Race: Terran Terran
  • Spawn Location: 9:00

Tonybaga

  • Race: Zerg Zerg
  • League: Platinum
  • Spawn Location: 12:00

VOD

Have the link to the VOD?

Description

Time

  • Played on: Feb. 26, 2019, 11:31 p.m.
  • Length: 13:16
Show
View Real Time Build Order
Export as new Build Order

Cthulhu Protoss - Winner!

Build Orders: 1 Gate Expand, Blink Stalkers 

Get SALT Encoding   

  12  0:02  Probe  
  13  0:14  Probe  
  13  0:15  Pylon  
  14  0:24  Probe  
  15  0:36  Probe  
  16  0:44  Gateway  
  16  0:47  Assimilator  
  16  0:49  Probe  
  17  1:01  Probe  
  18  1:14  Probe  
  19  1:31  Pylon  
  19  1:35  Nexus  
  19  1:43  Probe  
  19  1:44  Cybernetics Core  
  20  1:50  Assimilator  
  20  1:55  Probe  
  21  2:11  Stalker  
  21  2:13  Warp Gate  
  21  2:16  Probe  
  24  2:35  Forge  
  24  2:37  Pylon  
  24  2:45  Pylon  
  24  2:48  Stalker  
  26  3:02  Twilight Council  
  26  3:03  Probe  
  26  3:08  Probe  
  26  3:11  Probe  
  29  3:20  Probe  
  30  3:28  Robotics Facility  
  30  3:34  Protoss Ground Weapons Level 1  
  30  3:35  Photon Cannon  
  30  3:36  Probe  
  30  3:37  Probe  
  32  3:48  Blink  
  32  3:51  Probe x2  
  34  4:03  Probe  
  35  4:16  Gateway  
  35  4:17  Observer  
  35  4:21  Gateway  
  36  4:28  Photon Cannon  
  36  4:34  Photon Cannon  
  36  4:44  Pylon  
  37  4:52  Observer  
  37  4:57  Assimilator  
  37  4:59  Assimilator  
  37  5:04  Pylon, Stalker  
  39  5:20  Gateway  
  37  5:21  Zealot x2  
  37  5:22  Gateway  
  37  5:37  Zealot  
  39  5:48  Zealot x2  
  42  5:59  Photon Cannon  
  42  6:01  Photon Cannon  
  42  6:16  Probe x2  
  44  6:22  Protoss Ground Weapons Level 2  
  44  6:27  Pylon  
  44  6:28  Probe  
  45  6:36  Stalker x4  
  45  6:37  Stalker  
  45  6:38  Observer  
  56  6:56  Observer  
  56  6:59  Pylon  
  57  7:02  Gateway  
  57  7:05  Gateway  
  57  7:37  Stalker x5  
  67  8:05  Stalker  
  66  9:35  Stalker x6  
  66  9:36  Stalker  
  84  9:38  Immortal  
  84  9:50  Nexus  
  84  9:52  Assimilator  
  84  9:56  Assimilator  
  84  10:00  Pylon  
  84  10:03  Pylon  
  84  10:10  Immortal  
  86  10:33  Protoss Ground Armor Level 1  
  86  10:40  Stalker x6  
  86  10:41  Stalker  
  100  10:47  Observer  
  100  10:48  Gateway  
  101  10:50  Gateway  
  101  10:53  Gateway  
  101  11:04  Charge  
  101  11:12  Dark Shrine  
  101  11:27  Probe x3  
  57  12:58  Zealot x2  
  57  12:59  Zealot x7  
  57  13:00  Zealot  
  77  13:11  Templar Archives  
Show
View Real Time Build Order
Export as new Build Order

Throwfordays Protoss - Winner!

Build Orders: Archon Immortal 

Get SALT Encoding   

  12  0:00  Probe  
  13  0:13  Probe  
  14  0:18  Pylon  
  14  0:25  Probe  
  15  0:37  Probe  
  16  0:49  Probe  
  17  1:07  Probe  
  18  1:14  Nexus  
  18  1:16  Gateway  
  18  1:25  Assimilator  
  18  1:30  Pylon  
  18  1:40  Probe  
  19  1:51  Gateway  
  19  1:52  Probe  
  20  2:04  Cybernetics Core, Probe  
  21  2:16  Probe  
  21  2:22  Pylon, Probe  
  22  2:23  Warp Gate  
  23  2:30  Probe  
  24  2:40  Probe  
  25  2:47  Stalker  
  27  2:52  Probe  
  27  2:55  Zealot  
  30  2:59  Assimilator  
  30  3:01  Probe  
  30  3:04  Probe  
  32  3:13  Probe  
  32  3:17  Probe  
  34  3:21  Twilight Council  
  34  3:25  Probe  
  35  3:29  Probe  
  36  3:37  Robotics Facility  
  36  3:38  Forge  
  36  3:41  Probe  
  37  3:44  Pylon  
  37  3:53  Probe  
  38  4:01  Probe  
  38  4:02  Nexus  
  38  4:04  Blink  
  38  4:09  Probe  
  40  4:19  Probe  
  41  4:29  Photon Cannon  
  41  4:31  Probe  
  41  4:34  Photon Cannon  
  42  4:40  Photon Cannon  
  42  4:43  Probe  
  43  4:47  Photon Cannon  
  43  4:53  Warp Prism  
  43  4:55  Probe  
  43  4:58  Pylon  
  46  5:01  Assimilator  
  46  5:05  Assimilator  
  46  5:08  Probe  
  46  5:11  Assimilator  
  46  5:13  Assimilator  
  47  5:16  Probe  
  47  5:17  Pylon  
  48  5:24  Zealot  
  51  5:28  Stalker, Probe  
  51  5:40  Probe  
  52  5:48  Zealot  
  54  5:52  Protoss Ground Weapons Level 1  
  54  5:56  Probe  
  55  6:04  Probe  
  55  6:05  Probe  
  55  6:09  Charge  
  57  6:13  Forge  
  57  6:14  Probe  
  57  6:17  Probe  
  59  6:19  Gateway  
  59  6:21  Pylon  
  59  6:23  Pylon  
  59  6:24  Zealot x2  
  63  6:26  Probe  
  63  6:29  Probe  
  63  6:31  Pylon  
  65  6:34  Pylon  
  65  6:38  Photon Cannon, Probe  
  65  6:39  Photon Cannon  
  66  6:41  Photon Cannon  
  66  6:46  Pylon  
  66  6:50  Probe  
  67  6:56  Probe  
  68  7:02  Probe x2  
  68  7:08  Gateway, Probe  
  70  7:09  Gateway  
  70  7:10  Protoss Ground Armor Level 1  
  70  7:12  Gateway  
  70  7:15  Probe  
  72  7:18  Robotics Facility  
  72  7:19  Robotics Facility  
  72  7:20  Probe  
  73  7:23  Robotics Facility  
  73  7:27  Probe  
  74  7:38  Probe  
  75  7:46  Probe  
  75  7:47  Templar Archives  
  76  7:53  Probe  
  76  7:54  Probe  
  77  8:05  Probe x2  
  80  8:17  Probe x2  
  76  8:21  Stalker x4  
  76  8:22  Stalker x2  
  76  8:26  Immortal x2  
  76  8:27  Immortal  
  100  8:29  Probe  
  101  8:41  Probe  
  102  8:48  Nexus  
  102  8:58  Protoss Ground Weapons Level 2  
  102  9:04  High Templar x2  
  102  9:05  High Templar x2  
  102  9:06  Immortal x3  
  122  9:10  Archon x2  
  122  9:26  Assimilator  
  122  9:30  High Templar  
  122  9:31  Assimilator  
  124  9:33  High Templar  
  124  9:38  Archon  
  126  9:43  Zealot  
  126  9:44  Zealot x2  
  132  9:51  Protoss Shields Level 1  
  132  9:54  Pylon  
  132  10:01  Pylon x2  
  132  10:03  Pylon  
  132  10:05  Pylon  
  132  10:08  Pylon  
  132  10:10  Pylon  
  132  10:12  Pylon  
  132  10:16  Forge, Probe  
  133  10:22  Probe  
  133  10:25  Probe  
  135  10:28  Probe  
  135  10:34  Probe  
  135  10:35  High Templar x2  
  141  10:36  High Templar  
  141  10:37  High Templar, Probe  
  141  10:39  High Templar  
  141  10:40  High Templar, Probe  
  151  10:43  Archon x2  
  151  10:44  Archon  
  151  10:46  Probe  
  151  10:49  Probe  
  153  10:52  Probe  
  154  11:01  Probe  
  155  11:04  Probe  
  156  11:13  Probe  
  156  11:14  Zealot x2  
  156  11:15  Zealot x2  
  156  11:16  Zealot x2  
  169  11:35  Robotics Bay  
  119  13:13  Zealot x4  
  119  13:14  Zealot x2  
Show
View Real Time Build Order
Export as new Build Order

Ghostface Terran 

Build Orders: Mech 

Get SALT Encoding   

  12  0:02  SCV  
  13  0:14  SCV  
  14  0:26  Supply Depot  
  14  0:27  SCV  
  15  0:34  Refinery  
  15  0:53  Barracks  
  15  1:04  SCV  
  16  1:15  Refinery  
  16  1:16  SCV  
  17  1:28  SCV  
  18  1:40  SCV  
  18  1:42  Barracks Tech Lab  
  19  1:52  SCV  
  20  2:01  Command Center  
  20  2:05  Factory  
  20  2:08  SCV  
  21  2:20  SCV  
  22  2:32  SCV  
  23  2:50  Supply Depot  
  23  3:12  SCV  
  24  3:17  Supply Depot  
  24  3:22  Siege Tank  
  24  3:23  Marine  
  28  3:27  Orbital Command  
  28  3:36  Bunker  
  28  3:45  Marine  
  28  3:48  Orbital Command  
  29  3:53  SCV  
  30  4:03  Marine  
  31  4:12  Refinery  
  31  4:17  Siege Tank  
  34  4:24  Factory  
  34  4:30  Armory  
  34  4:32  Supply Depot  
  34  4:43  Marine  
  35  4:49  Siege Tank  
  38  5:08  Factory Tech Lab  
  38  5:09  Factory  
  38  5:11  SCV  
  42  5:21  Siege Tank  
  42  5:23  SCV  
  43  5:35  SCV  
  44  5:48  SCV  
  45  5:54  Factory Tech Lab  
  45  5:58  Terran Vehicle Weapons Level 1  
  45  6:00  SCV  
  46  6:04  Command Center  
  46  6:12  SCV  
  47  6:19  Thor x2  
  47  6:24  SCV  
  60  6:27  Refinery  
  60  6:36  SCV  
  60  6:39  Supply Depot  
  61  6:48  SCV  
  62  7:00  SCV  
  63  7:02  Supply Depot  
  63  7:11  Command Center  
  63  7:13  SCV  
  64  7:19  Refinery  
  64  7:22  Thor x2  
  76  7:23  Thor  
  76  7:28  SCV  
  83  7:38  SCV  
  83  7:40  SCV  
  85  7:50  SCV  
  86  7:53  SCV, Terran Vehicle And Ship Armor Level 1  
  87  8:00  Armory  
  87  8:05  SCV  
  88  8:17  SCV  
  67  9:04  SCV  
  67  9:16  SCV  
  68  9:20  SCV  
  69  9:28  Thor x3, SCV  
  88  9:32  SCV  
  89  9:40  SCV  
  89  9:44  SCV  
  91  9:53  SCV  
  91  9:56  SCV  
  93  10:24  Thor, SCV  
  100  10:31  Thor  
  100  10:33  Terran Vehicle Weapons Level 2  
  106  10:35  Terran Vehicle And Ship Armor Level 2  
  106  10:36  SCV  
  107  10:48  SCV  
  108  10:56  Thor  
  114  11:48  Thor  
  114  11:50  Thor x2  
  126  11:55  SCV  
  121  12:07  SCV  
Show
View Real Time Build Order
Export as new Build Order

Tonybaga Zerg 

Build Orders: Hatch First 

Get SALT Encoding   

  12  0:02  Drone  
  13  0:13  Overlord  
  13  0:22  Drone  
  13  0:25  Extractor  
  13  0:26  Drone  
  15  0:32  Drone  
  15  0:35  Drone  
  17  1:00  Hatchery  
  17  1:02  Drone  
  17  1:20  Spawning Pool  
  17  1:21  Drone  
  17  1:23  Drone  
  17  1:24  Drone  
  19  1:29  Extractor  
  18  1:33  Drone  
  19  1:43  Overlord  
  19  1:54  Drone  
  20  2:06  Queen  
  22  2:09  Zergling x2  
  22  2:14  Drone  
  24  2:25  Queen  
  26  2:31  Drone x2  
  26  2:32  Drone  
  26  2:35  Overlord  
  29  2:39  Zergling x2  
  30  3:18  Zergling x12  
  36  3:20  Metabolic Boost  
  36  3:22  Overlord x2  
  36  3:44  Extractor  
  35  3:48  Roach Warren  
  35  3:49  Lair  
  35  3:50  Queen  
  35  3:51  Drone  
  35  3:52  Drone x6  
  43  3:58  Zergling x4  
  43  3:59  Zergling x2  
  43  4:02  Zergling x2  
  48  4:10  Drone x2  
  49  4:32  Zergling x2  
  49  4:33  Zergling x4  
  49  4:35  Overlord x2  
  52  4:48  Hydralisk Den  
  51  4:54  Evolution Chamber  
  51  4:56  Drone x3  
  51  4:57  Evolution Chamber  
  52  5:00  Spore Crawler  
  52  5:04  Spore Crawler  
  50  5:13  Drone  
  51  5:14  Drone x6  
  51  5:15  Drone  
  51  5:17  Extractor  
  55  5:21  Extractor  
  44  6:02  Roach x4  
  44  6:03  Roach x7  
  66  6:05  Overlord  
  66  6:17  Zerg Ground Armor Level 1, Zerg Missile Weapons Level 1  
  66  6:22  Drone  
  66  6:24  Drone x2  
  69  6:30  Grooved Spines  
  69  6:33  Hydralisk  
  69  6:34  Hydralisk  
  73  6:40  Drone x2  
  73  6:43  Overlord  
  75  7:00  Overlord x2  
  75  7:02  Drone  
  75  7:03  Drone x2  
  75  7:04  Drone  
  75  7:07  Drone x2  
  81  7:31  Hydralisk  
  81  7:32  Hydralisk x2  
  81  7:35  Hatchery  
  86  7:37  Extractor  
  86  7:38  Extractor  
  86  7:42  Hydralisk  
  86  7:43  Hydralisk x3  
  92  7:55  Infestation Pit  
  92  7:57  Drone x5  
  95  8:20  Overlord  
  95  8:21  Overlord x3  
  95  8:28  Overseer  
  95  8:29  Overseer  
  95  8:37  Overlord x3  
  95  9:00  Zergling x12  
  95  9:01  Zergling x4  
  101  9:21  Hydralisk x2  
  101  9:22  Hydralisk x8  
  121  9:28  Zerg Ground Armor Level 2, Zerg Missile Weapons Level 2  
  121  9:37  Drone x6  
  127  9:39  Drone  
  128  9:56  Roach x3  
  128  9:57  Roach  
  136  10:07  Hatchery  
  135  10:09  Extractor x2  
  124  10:16  Queen  
  125  10:27  Drone x3  
  125  10:28  Drone x8  
  135  10:38  Spire  
  135  10:40  Hive  
  134  10:52  Queen  
  82  11:54  Hydralisk  
  82  11:55  Hydralisk x7  
  82  11:56  Hydralisk x12  
  82  11:57  Hydralisk  
  118  12:21  Hydralisk  
  118  12:22  Hydralisk x5  
Tags
 
Add a new tag
Caveats
  • Supply blocks, unpowered buildings, or Contaminate may cause inaccurate times.
  • Supply counts are checked every 10 seconds.